Map: Orbital Shipyard

Players

WicclaiR

  • Race: Zerg Zerg
  • League: Diamond

AltrougE - Winner!

  • Race: Terran Terran
  • League: Diamond

VOD

Have the link to the VOD?

Description

Time

  • Played on: Sept. 7, 2015, 4:20 p.m.
  • Length: 5:46
Show
View Real Time Build Order
Export as new Build Order

WicclaiR Zerg 

Build Orders: Hatch First 

Get SALT Encoding   

  12  0:01  Drone  
  13  0:10  Drone  
  14  0:17  Overlord  
  14  0:26  Drone, Extractor  
  14  0:27  Extractor  
  13  0:29  Drone  
  16  0:36  Drone  
  17  0:44  Drone  
  18  0:58  Hatchery  
  18  1:02  Drone  
  18  1:14  Spawning Pool  
  18  1:15  Drone  
  18  1:18  Extractor  
  18  1:24  Drone  
  18  1:28  Drone  
  19  1:44  Hatchery  
  18  1:49  Overlord  
  18  2:01  Queen  
  20  2:03  Zergling x2  
  20  2:06  Zergling x2  
  22  2:16  Queen  
  24  2:33  Drone x2  
  24  2:34  Drone x2  
  24  2:36  Metabolic Boost  
  27  2:45  Drone x2  
  27  2:49  Drone  
  30  2:52  Overlord  
  30  2:57  Drone x2  
  33  3:05  Drone  
  33  3:09  Drone x4  
  37  3:17  Drone x3  
  40  3:27  Zergling x2  
  39  3:42  Drone x5  
  39  3:43  Drone x5  
  49  3:52  Roach Warren, Extractor  
  49  3:54  Queen  
  49  4:01  Overlord x2  
  49  4:03  Extractor, Queen  
  49  4:06  Drone, Extractor  
  52  4:12  Overlord  
  52  4:29  Spore Crawler  
  51  4:33  Roach x4  
  51  4:34  Roach x3  
  51  4:35  Spore Crawler  
  64  4:41  Spore Crawler  
  64  4:44  Overlord x2  
  63  4:46  Lair  
  63  4:48  Queen  
  65  4:57  Ravager  
  65  4:59  Drone x3  
  70  5:00  Drone x5  
  70  5:06  Ravager  
  70  5:29  Ravager  
Show
View Real Time Build Order
Export as new Build Order

AltrougE Terran - Winner!

Build Orders: Liberator Opening, Reaper Expand 

Get SALT Encoding   

  12  0:01  SCV  
  13  0:13  SCV  
  14  0:18  Supply Depot  
  14  0:25  SCV  
  15  0:32  Refinery  
  15  0:40  SCV  
  16  0:45  Barracks  
  16  0:52  SCV  
  17  1:04  SCV  
  18  1:16  SCV  
  19  1:33  Reaper, Orbital Command  
  20  1:42  Command Center  
  20  1:51  Refinery  
  20  1:59  Factory  
  20  2:01  SCV  
  21  2:10  Supply Depot  
  21  2:13  SCV  
  22  2:15  Barracks Reactor  
  22  2:26  SCV  
  23  2:38  SCV  
  24  2:48  Starport  
  24  2:50  SCV  
  25  2:56  Orbital Command  
  25  3:00  Refinery  
  25  3:02  SCV, Hellion  
  25  3:03  Barracks Reactor  
  28  3:07  Hellion  
  30  3:14  SCV  
  30  3:17  Armory  
  31  3:23  SCV  
  31  3:26  SCV  
  33  3:32  Hellion  
  33  3:34  Liberator  
  35  3:35  SCV, Hellion  
  35  3:38  SCV  
  35  3:39  Liberator  
  39  3:47  SCV  
  43  3:58  SCV  
  43  3:59  Hellion x2  
  43  4:01  SCV  
  52  4:10  SCV  
  52  4:13  SCV  
  54  4:20  Supply Depot x2, Hellion x2  
  54  4:22  SCV  
  59  4:24  Liberator  
  59  4:26  SCV  
  60  4:33  Liberator  
  60  4:36  Marine  
  61  4:43  SCV x2  
  69  4:53  Hellion  
  69  4:55  SCV, Hellion  
  69  4:56  Command Center  
  74  5:03  SCV  
  75  5:07  SCV  
  76  5:16  SCV  
  76  5:19  SCV, Hellion  
  78  5:22  Hellion  
  78  5:32  Refinery  
  83  5:35  Supply Depot x2  
  83  5:36  Supply Depot  
  83  5:37  Supply Depot  
Tags
 
Add a new tag
Caveats
  • Supply blocks, unpowered buildings, or Contaminate may cause inaccurate times.
  • Supply counts are checked every 10 seconds.